Rangers vs Avalanche

Created - Thursday, February 12, 2015 at 23:58

Goals
1 2 3 T
Rangers 0 0 1 1
Avalanche 0 2 1 3
Shots
1 2 3 T
Rangers 7 13 15 35
Avalanche 6 14 7 27

1st period

No Goal

Penalties :
Rostislav Klesla (Col) for Roughing (Minor) at 1:50, Luca Sbisa (NYR) for Interference (Minor) at 10:57

2nd period

1. Avalanche , Mike Ribeiro 14 (Claude Giroux) at 7:27
2. Avalanche , Lars Eller 9 (Joffrey Lupul, Morgan Rielly) at 17:49

Penalties :
Kevin Bieksa (NYR) for Tripping (Minor) at 0:11, Kevin Bieksa (NYR) for Interference (Minor) at 3:00, Luca Sbisa (NYR) for Holding Stick (Minor) at 8:30, Taylor Fedun (Col) for Diving (Minor) at 15:30

3rd period

3. Avalanche , Claude Giroux 21 (Troy Brouwer, Ryan McDonagh) at 3:07
4. Rangers , Jeff Skinner 10 (Logan Couture, Jaroslav Halak) at 4:49

Penalties :
Troy Brouwer (Col) for Holding (Minor) at 7:46, Kevin Bieksa (NYR) for Boarding (Minor) at 11:00, Benoit Pouliot (Col) for High sticking (Minor) at 18:10

Goalie Stats

Jaroslav Halak (NYR), 24 saves from 27 shots - (0.889), L, 15-16-1, 60:00 minutes
Semyon Varlamov (Col), 34 saves from 35 shots - (0.971), W, 20-23-6, 60:00 minutes

Players Stats for Rangers

Player Name              G  A  P  +/- PIM S  H  SB GA TA FO     MP     PP MP  PK MP  
------------------------------------------------------------------------------------
Brad Richardson          0  0  0   0  0   2  0  1  0  1  0/0    11:55   0:00   0:03 
Daniel Alfredsson        0  0  0  -1  0   3  0  0  1  0  1/2    17:30   3:47   2:53 
Daniel Sedin             0  0  0   0  0   5  0  0  1  0  0/1    20:28   3:59   2:56 
Francis Bouillon         0  0  0  -1  0   1  2  1  0  1  0/0    11:24   0:00   0:00 
James van Riemsdyk       0  0  0  -1  0   2  2  1  1  0  7/20   21:01   3:47   6:59 
Jamie McBain             0  0  0  -1  0   4  0  3  2  0  0/0    23:39   4:05   3:57 
Jay McClement            0  0  0   0  0   1  1  0  0  1  6/15   15:38   3:59   0:00 
Jeff Halpern             0  0  0  -1  0   0  0  0  0  0  2/6     7:18   0:00   0:00 
Jeff Skinner             1  0  1   0  0   4  0  0  6  0  3/10   11:30   0:00   0:00 
Justin Falk              0  0  0  -1  0   1  1  1  0  1  0/0    17:00   0:00   4:48 
Kevin Bieksa             0  0  0   0  6   0  3  0  0  2  0/0    22:45   3:41   2:34 
Kevin Shattenkirk        0  0  0   0  0   2  1  2  1  3  0/0    26:28   3:41   7:04 
Logan Couture            0  1  1  -1  0   2  2  0  2  0  0/0    21:01   3:47   6:59 
Luca Sbisa               0  0  0  -1  4   2  2  0  0  1  0/0    20:56   4:05   1:27 
Matt Moulson             0  0  0   0  0   2  0  0  1  0  0/0    11:13   0:00   0:00 
Maxim Lapierre           0  0  0  -1  0   0  0  0  0  1  1/1     7:18   0:00   0:00 
Tanner Glass             0  0  0  -1  0   0  1  1  0  0  0/0     7:18   0:00   0:00 
Todd Bertuzzi            0  0  0   0  0   4  1  0  0  0  0/0    15:38   3:59   0:00 

Players Stats for Avalanche

Player Name              G  A  P  +/- PIM S  H  SB GA TA FO     MP     PP MP  PK MP  
------------------------------------------------------------------------------------
Benn Ferriero            0  0  0   0  0   0  1  0  1  0  0/0     5:26   0:00   0:00 
Benoit Pouliot           0  0  0   0  2   2  2  0  2  0  1/1    15:11   0:03   1:15 
Brad Stuart              0  0  0   0  0   0  1  2  0  0  0/0    20:51   3:49   4:17 
Braydon Coburn           0  0  0   1  0   0  0  2  0  1  0/0    23:58   6:06   3:29 
Claude Giroux            1  1  2   2  0   7  1  0  4  2  15/24  24:03   4:29   4:58 
Clayton Stoner           0  0  0   0  0   1  2  1  0  2  0/0    20:51   3:49   4:17 
Daniel Briere            0  0  0   0  0   0  0  0  2  2  6/7    13:06   0:00   0:00 
Joffrey Lupul            0  1  1   0  0   4  0  1  5  0  1/2    19:38   5:23   1:08 
Lars Eller               1  0  1   0  0   3  4  3  1  0  8/17   18:30   5:23   0:00 
Mike Ribeiro             1  0  1   2  0   4  1  1  3  1  1/1    17:33   4:32   1:51 
Morgan Rielly            0  1  1   0  0   0  0  0  1  0  0/0    13:13   0:00   0:00 
Rene Bourque             0  0  0   0  0   1  0  0  1  1  1/1    14:22   0:00   1:58 
Rostislav Klesla         0  0  0   0  2   0  0  1  0  1  0/0    13:21   0:00   0:00 
Ryan McDonagh            0  1  1   2  0   3  0  1  1  1  0/0    25:56   6:06   3:29 
Taylor Fedun             0  0  0   1  2   0  0  0  0  0  0/0     2:00   0:00   0:00 
Trevor Lewis             0  0  0   0  0   1  0  1  0  0  0/0    18:30   5:23   0:00 
Troy Brouwer             0  1  1   2  2   0  4  0  2  0  1/1    20:15   4:32   4:22 
Tyler Kennedy            0  0  0   0  0   1  1  0  0  0  1/1     5:26   0:00   0:00 

3 Stars

1 - Semyon Varlamov (Col)
2 - Claude Giroux (Col)
3 - Mike Ribeiro (Col)

Power Play

Rangers - 0 on 4 Attempt(s) - 0.00%
Avalanche - 0 on 5 Attempt(s) - 0.00%

Penalty Kill

Rangers - 5 on 5 Attempt(s) - 100.00% - Score 0 goal in Penalty Kill
Avalanche - 4 on 4 Attempt(s) - 100.00% - Score 0 goal in Penalty Kill

Team Stat

Rangers - Hits : 16 - Faceoff Wins : 20 - Blocked Shots : 10 - Penalty Minutes : 10
Avalanche - Hits : 17 - Faceoff Wins : 35 - Blocked Shots : 13 - Penalty Minutes : 8

Official

Referees : Unknown
Linesman : Unknown

Game Notes

No Game Note

Finance

Level 1 -- Attendance: 5397 (89.95%) -- Ticket Income $431,760
Level 2 -- Attendance: 5000 (100.00%) -- Ticket Income $250,000
Level 3 -- Attendance: 1946 (97.30%) -- Ticket Income $52,542
Level 4 -- Attendance: 3511 (87.78%) -- Ticket Income $59,687
Luxury Box -- Attendance: 1000 (100.00%) -- Ticket Income $151,000
Game was played at the Pepsi Center'
Total Attendance: 16854 (93.63%)
Total Ticket Income: $944,989
Other Income: $463,045
Total Income: $1,408,034

Rangers

5 vs 5 Forward 
   Center                   Left Wing                Right Wing               Time % Phy DF OF 
 1 James van Riemsdyk       Logan Couture            Daniel Alfredsson        35     1   2  2  
 2 Jay McClement            Daniel Sedin             Todd Bertuzzi            30     1   2  2  
 3 Jeff Skinner             Matt Moulson             Brad Richardson          22     1   2  2  
 4 Jeff Halpern             Tanner Glass             Maxim Lapierre           13     1   2  2  

5 vs 5 Defense 
   Defense                  Defense                                           Time % Phy DF OF 
 1 Kevin Bieksa             Kevin Shattenkirk                                 35     1   2  2  
 2 Jamie McBain             Luca Sbisa                                        30     1   2  2  
 3 Francis Bouillon         Justin Falk                                       22     1   2  2  
 4 Kevin Bieksa             Kevin Shattenkirk                                 13     1   2  2  

PowerPlay Forward 
   Center                   Left Wing                Right Wing               Time % Phy DF OF 
 1 James van Riemsdyk       Logan Couture            Daniel Alfredsson        60     1   2  2  
 2 Jay McClement            Daniel Sedin             Todd Bertuzzi            40     1   2  2  

PowerPlay Defense
   Defense                  Defense                                           Time % Phy DF OF 
 1 Kevin Bieksa             Kevin Shattenkirk                                 60     1   2  2  
 2 Jamie McBain             Luca Sbisa                                        40     1   2  2  

Penalty Kill 4 Players Forward 
   Center                   Wing                     Time % Phy DF OF 
 1 James van Riemsdyk       Logan Couture            60     1   2  2  
 2 Daniel Sedin             Daniel Alfredsson        40     1   2  2  

Penalty Kill 4 Players Defense
   Defense                  Defense                  Time % Phy DF OF 
 1 Kevin Bieksa             Kevin Shattenkirk        60     1   2  2  
 2 Jamie McBain             Luca Sbisa               40     1   2  2  

Penalty Kill - 3 Players Forward 
   Forward                                           Time % Phy DF OF 
 1 James van Riemsdyk                                60     1   2  2  
 2 Logan Couture                                     40     1   2  2  

Penalty Kill - 3 Players Defense
   Defense                  Defense                  Time % Phy DF OF 
 1 Kevin Bieksa             Kevin Shattenkirk        60     1   2  2  
 2 Jamie McBain             Luca Sbisa               40     1   2  2  

4 vs 4 Forward 
   Center                   Wing                     Time % Phy DF OF 
 1 James van Riemsdyk       Logan Couture            60     1   2  2  
 2 Daniel Sedin             Daniel Alfredsson        40     1   2  2  

4 vs 4 Defense
   Defense                  Defense                  Time % Phy DF OF 
 1 Kevin Bieksa             Kevin Shattenkirk        60     1   2  2  
 2 Jamie McBain             Luca Sbisa               40     1   2  2  

Last Minutes Offensive
   Center                   Left Wing                Right Wing               Defense                  Defense                  
   James van Riemsdyk       Logan Couture            Daniel Alfredsson        Kevin Bieksa             Kevin Shattenkirk        

Last Minutes Defensive
   Center                   Left Wing                Right Wing               Defense                  Defense                  
   James van Riemsdyk       Logan Couture            Daniel Alfredsson        Kevin Bieksa             Kevin Shattenkirk        

Goaltenders
Starting : Jaroslav Halak           
Backup : Chad Johnson             

Extra Forwards
Normal : Jeff Skinner, Matt Moulson, Brad Richardson - PP : Jeff Skinner, Matt Moulson - PK : Brad Richardson
Extra Defensemen
Normal : Francis Bouillon, Justin Falk, Jamie McBain - PP : Francis Bouillon - PK : Justin Falk, Jamie McBain
Penalty Shots
James van Riemsdyk, Logan Couture, Daniel Sedin, Daniel Alfredsson, Jay McClement

Avalanche

5 vs 5 Forward 
   Center                   Left Wing                Right Wing               Time % Phy DF OF 
 1 Claude Giroux            Mike Ribeiro             Troy Brouwer             35     1   2  2  
 2 Lars Eller               Joffrey Lupul            Trevor Lewis             30     1   2  2  
 3 Daniel Briere            Benoit Pouliot           Rene Bourque             22     1   2  2  
 4 Claude Giroux            Tyler Kennedy            Benn Ferriero            13     1   2  2  

5 vs 5 Defense 
   Defense                  Defense                                           Time % Phy DF OF 
 1 Ryan McDonagh            Braydon Coburn                                    35     1   2  2  
 2 Brad Stuart              Clayton Stoner                                    30     1   2  2  
 3 Rostislav Klesla         Morgan Rielly                                     22     1   2  2  
 4 Taylor Fedun             Ryan McDonagh                                     13     1   2  2  

PowerPlay Forward 
   Center                   Left Wing                Right Wing               Time % Phy DF OF 
 1 Claude Giroux            Mike Ribeiro             Troy Brouwer             60     1   2  2  
 2 Lars Eller               Joffrey Lupul            Trevor Lewis             40     1   2  2  

PowerPlay Defense
   Defense                  Defense                                           Time % Phy DF OF 
 1 Ryan McDonagh            Braydon Coburn                                    60     1   2  2  
 2 Brad Stuart              Clayton Stoner                                    40     1   2  2  

Penalty Kill 4 Players Forward 
   Center                   Wing                     Time % Phy DF OF 
 1 Claude Giroux            Troy Brouwer             60     1   2  2  
 2 Mike Ribeiro             Joffrey Lupul            40     1   2  2  

Penalty Kill 4 Players Defense
   Defense                  Defense                  Time % Phy DF OF 
 1 Ryan McDonagh            Braydon Coburn           60     1   2  2  
 2 Brad Stuart              Clayton Stoner           40     1   2  2  

Penalty Kill - 3 Players Forward 
   Forward                                           Time % Phy DF OF 
 1 Claude Giroux                                     60     1   2  2  
 2 Troy Brouwer                                      40     1   2  2  

Penalty Kill - 3 Players Defense
   Defense                  Defense                  Time % Phy DF OF 
 1 Ryan McDonagh            Braydon Coburn           60     1   2  2  
 2 Brad Stuart              Clayton Stoner           40     1   2  2  

4 vs 4 Forward 
   Center                   Wing                     Time % Phy DF OF 
 1 Claude Giroux            Troy Brouwer             60     1   2  2  
 2 Mike Ribeiro             Joffrey Lupul            40     1   2  2  

4 vs 4 Defense
   Defense                  Defense                  Time % Phy DF OF 
 1 Ryan McDonagh            Braydon Coburn           60     1   2  2  
 2 Brad Stuart              Clayton Stoner           40     1   2  2  

Last Minutes Offensive
   Center                   Left Wing                Right Wing               Defense                  Defense                  
   Claude Giroux            Mike Ribeiro             Troy Brouwer             Ryan McDonagh            Braydon Coburn           

Last Minutes Defensive
   Center                   Left Wing                Right Wing               Defense                  Defense                  
   Claude Giroux            Mike Ribeiro             Troy Brouwer             Ryan McDonagh            Braydon Coburn           

Goaltenders
Starting : Semyon Varlamov          
Backup : Jack Campbell            

Extra Forwards
Normal : Benoit Pouliot, Daniel Briere, Rene Bourque - PP : Benoit Pouliot, Daniel Briere - PK : Rene Bourque
Extra Defensemen
Normal : Rostislav Klesla, Morgan Rielly, Taylor Fedun - PP : Rostislav Klesla - PK : Morgan Rielly, Taylor Fedun
Penalty Shots
Claude Giroux, Troy Brouwer, Mike Ribeiro, Joffrey Lupul, Lars Eller

% Time on Ice - Rangers

Lines # - Real PCT - Wanted PCT - Time Play
Normal Forward
1 - 26% - 35% - 10:54
2 - 30% - 30% - 12:54
3 - 27% - 22% - 11:13
4 - 17% - 13% - 7:18
Normal Defense
1 - 32% - 35% - 13:40
2 - 36% - 30% - 15:12
3 - 27% - 22% - 11:24
4 - 5% - 13% - 2:03
PP Forward
1 - 49% - 60% - 3:47
2 - 51% - 40% - 3:59
PP Defense
1 - 47% - 60% - 3:41
2 - 53% - 40% - 4:05
PK Forward
1 - 71% - 60% - 7:02
2 - 29% - 40% - 2:53
PK Defense
1 - 71% - 60% - 7:04
2 - 29% - 40% - 2:51
PK3 Forward
1 - 0% - 60%
2 - 0% - 40%
PK3 Defense
1 - 0% - 60%
2 - 0% - 40%
44 Forward
1 - 0% - 60%
2 - 0% - 40%
44 Defense
1 - 0% - 60%
2 - 0% - 40%
Last Minute Offensive  - 0:00
Last Minute Defensive  - 0:00
Total
Forward - 60:00
Defense - 60:00

% Time on Ice - Avalanche

Lines # - Real PCT - Wanted PCT - Time Play
Normal Forward
1 - 27% - 35% - 11:25
2 - 31% - 30% - 13:07
3 - 29% - 22% - 12:21
4 - 13% - 13% - 5:26
Normal Defense
1 - 34% - 35% - 14:23
2 - 30% - 30% - 12:45
3 - 31% - 22% - 13:13
4 - 5% - 13% - 1:58
PP Forward
1 - 46% - 60% - 4:32
2 - 54% - 40% - 5:23
PP Defense
1 - 62% - 60% - 6:06
2 - 38% - 40% - 3:49
PK Forward
1 - 85% - 60% - 6:38
2 - 15% - 40% - 1:08
PK Defense
1 - 45% - 60% - 3:29
2 - 55% - 40% - 4:17
PK3 Forward
1 - 0% - 60%
2 - 0% - 40%
PK3 Defense
1 - 0% - 60%
2 - 0% - 40%
44 Forward
1 - 0% - 60%
2 - 0% - 40%
44 Defense
1 - 0% - 60%
2 - 0% - 40%
Last Minute Offensive  - 0:00
Last Minute Defensive  - 0:00
Total
Forward - 60:00
Defense - 60:00

Play by Play

1st period


0:01 of 1st period - Claude Giroux wins face-off versus Daniel Alfredsson in neutral zone.
1:18 of 1st period - Trevor Lewis is hit by Jay McClement and loses puck.
1:44 of 1st period - Wrist shot by Jeff Skinner.
1:44 of 1st period - Shot Misses the Net.
1:46 of 1st period - Slapshot by Jamie McBain.
1:46 of 1st period - Stopped by Semyon Varlamov without a rebound.
1:47 of 1st period - Daniel Briere wins face-off versus Jeff Halpern in Avalanche zone.
1:47 of 1st period - Daniel Briere is hit by Francis Bouillon.
1:50 of 1st period - Minor Penalty to Rostislav Klesla for Roughing.
1:51 of 1st period - Claude Giroux wins face-off versus James van Riemsdyk in Avalanche zone.
1:51 of 1st period - Claude Giroux is hit by Logan Couture.
2:08 of 1st period - Snap shot by James van Riemsdyk.
2:08 of 1st period - Shot Misses the Net.
2:26 of 1st period - Snap shot by Logan Couture.
2:26 of 1st period - Shot Misses the Net.
2:28 of 1st period - Slapshot by Luca Sbisa.
2:28 of 1st period - Stopped by Semyon Varlamov with a rebound.
2:48 of 1st period - Braydon Coburn is hit by Todd Bertuzzi and loses puck.
3:12 of 1st period - Snap shot by Mike Ribeiro.
3:12 of 1st period - Shot Misses the Net.
3:14 of 1st period - Wrist shot by Mike Ribeiro.
3:14 of 1st period - Shot Misses the Net.
3:16 of 1st period - Snap shot by Clayton Stoner.
3:16 of 1st period - Shot Misses the Net.
3:18 of 1st period - Slapshot by Brad Stuart.
3:18 of 1st period - Shot Blocked by Jamie McBain.
3:20 of 1st period - Snap shot by Joffrey Lupul.
3:20 of 1st period - Stopped by Jaroslav Halak with a rebound.
3:50 of 1st period - Penalty to Rostislav Klesla is over, Rostislav Klesla is back on ice.
4:28 of 1st period - Icing by Rostislav Klesla.
4:29 of 1st period - Daniel Briere wins face-off versus Jeff Skinner in Avalanche zone.
5:24 of 1st period - Braydon Coburn is hit by Francis Bouillon and loses puck.
6:03 of 1st period - Taylor Fedun is hit by Logan Couture and loses puck.
6:11 of 1st period - Icing by Ryan McDonagh.
6:12 of 1st period - Jay McClement wins face-off versus Claude Giroux in Avalanche zone.
7:34 of 1st period - Luca Sbisa is hit by Brad Stuart and loses puck.
8:17 of 1st period - Jeff Skinner is hit by Lars Eller and loses puck.
8:26 of 1st period - Snap shot by Jeff Skinner.
8:26 of 1st period - Shot Misses the Net.
8:32 of 1st period - Justin Falk is hit by Lars Eller and loses puck.
8:56 of 1st period - Snap shot by Benoit Pouliot.
8:56 of 1st period - Stopped by Jaroslav Halak with a rebound.
9:04 of 1st period - Backhand shot by Morgan Rielly.
9:04 of 1st period - Shot Hit the Post.
9:28 of 1st period - Francis Bouillon is hit by Troy Brouwer and loses puck.
9:51 of 1st period - Slapshot by Brad Stuart.
9:51 of 1st period - Shot Blocked by Tanner Glass.
10:00 of 1st period - Off-side.
10:01 of 1st period - Maxim Lapierre wins face-off versus Lars Eller in neutral zone.
10:40 of 1st period - Snap shot by Todd Bertuzzi.
10:40 of 1st period - Stopped by Semyon Varlamov with a rebound.
10:42 of 1st period - Wrist shot by Daniel Sedin.
10:42 of 1st period - Deflect By Todd Bertuzzi.
10:42 of 1st period - Shot Blocked by Braydon Coburn.
10:42 of 1st period - Puck is out of play.
10:43 of 1st period - Jay McClement wins face-off versus Claude Giroux in Avalanche zone.
10:57 of 1st period - Minor Penalty to Luca Sbisa for Interference.
10:58 of 1st period - Lars Eller wins face-off versus James van Riemsdyk in Rangers zone.
10:59 of 1st period - Snap shot by Joffrey Lupul.
10:59 of 1st period - Shot Misses the Net.
11:01 of 1st period - Wrist shot by Trevor Lewis.
11:01 of 1st period - Stopped by Jaroslav Halak with a rebound.
11:09 of 1st period - Snap shot by Joffrey Lupul.
11:09 of 1st period - Shot Blocked by Kevin Shattenkirk.
11:11 of 1st period - Snap shot by Lars Eller.
11:11 of 1st period - Shot Misses the Net.
11:13 of 1st period - Slapshot by Clayton Stoner.
11:13 of 1st period - Stopped by Jaroslav Halak with a rebound.
11:15 of 1st period - Wrist shot by Joffrey Lupul.
11:15 of 1st period - Shot Misses the Net.
12:57 of 1st period - Penalty to Luca Sbisa is over, Luca Sbisa is back on ice.
13:00 of 1st period - Daniel Sedin is hit by Troy Brouwer and loses puck.
13:17 of 1st period - Troy Brouwer is hit by Justin Falk and loses puck.
13:42 of 1st period - Mike Ribeiro is hit by Tanner Glass and loses puck.
13:48 of 1st period - Icing by Morgan Rielly.
13:49 of 1st period - Benoit Pouliot wins face-off versus Jeff Halpern in Avalanche zone.
15:22 of 1st period - Snap shot by Jeff Skinner.
15:22 of 1st period - Stopped by Semyon Varlamov without a rebound.
15:23 of 1st period - Daniel Briere wins face-off versus Jay McClement in Avalanche zone.
16:20 of 1st period - Wrist shot by Benoit Pouliot.
16:20 of 1st period - Shot Blocked by Francis Bouillon.
17:42 of 1st period - Snap shot by James van Riemsdyk.
17:42 of 1st period - Deflect By Daniel Alfredsson.
17:42 of 1st period - Stopped by Semyon Varlamov with a rebound.
18:08 of 1st period - Wrist shot by Rene Bourque.
18:08 of 1st period - Stopped by Jaroslav Halak without a rebound.
18:09 of 1st period - Daniel Briere wins face-off versus Jeff Halpern in Rangers zone.
18:20 of 1st period - Slapshot by Luca Sbisa.
18:20 of 1st period - Stopped by Semyon Varlamov with a rebound.
18:22 of 1st period - Wrist shot by Luca Sbisa.
18:22 of 1st period - Shot Misses the Net.
18:24 of 1st period - Slapshot by Jamie McBain.
18:24 of 1st period - Shot Blocked by Joffrey Lupul.
18:26 of 1st period - Slapshot by Luca Sbisa.
18:26 of 1st period - Shot Blocked by Braydon Coburn.
18:28 of 1st period - Wrist shot by Tanner Glass.
18:28 of 1st period - Shot Misses the Net.
18:30 of 1st period - Wrist shot by Luca Sbisa.
18:30 of 1st period - Shot Misses the Net.
18:32 of 1st period - Wrist shot by Luca Sbisa.
18:32 of 1st period - Shot Misses the Net.
18:34 of 1st period - Snap shot by Luca Sbisa.
18:34 of 1st period - Shot Misses the Net.
18:36 of 1st period - Wrist shot by Tanner Glass.
18:36 of 1st period - Shot Misses the Net.
18:38 of 1st period - Slapshot by Jamie McBain.
18:38 of 1st period - Deflect By Ryan McDonagh.
18:38 of 1st period - Stopped by Semyon Varlamov without a rebound.
18:39 of 1st period - Daniel Briere wins face-off versus Jeff Skinner in Avalanche zone.
18:44 of 1st period - Jamie McBain is hit by Tyler Kennedy and loses puck.
18:54 of 1st period - Slapshot by Morgan Rielly.
18:54 of 1st period - Shot Blocked by Jamie McBain.
18:56 of 1st period - Wrist shot by Daniel Briere.
18:56 of 1st period - Shot Misses the Net.
18:58 of 1st period - Wrist shot by Tyler Kennedy.
18:58 of 1st period - Stopped by Jaroslav Halak without a rebound.
18:59 of 1st period - Tyler Kennedy wins face-off versus Jeff Skinner in Rangers zone.
19:20 of 1st period - Snap shot by Benn Ferriero.
19:20 of 1st period - Shot Blocked by Brad Richardson.
19:34 of 1st period - Snap shot by Lars Eller.
19:34 of 1st period - Shot Blocked by Jamie McBain.
Goals for this period are 0 for Rangers vs 0 for Avalanche.
Shots for this period are 7 for Rangers vs 6 for Avalanche.

2nd period


0:01 of 2nd period - Mike Ribeiro wins face-off versus James van Riemsdyk in neutral zone.
0:11 of 2nd period - Minor Penalty to Kevin Bieksa for Tripping.
0:12 of 2nd period - James van Riemsdyk wins face-off versus Claude Giroux in Rangers zone.
0:20 of 2nd period - Kevin Shattenkirk is hit by Troy Brouwer and loses puck.
0:49 of 2nd period - Wrist shot by Claude Giroux.
0:49 of 2nd period - Stopped by Jaroslav Halak with a rebound.
1:51 of 2nd period - Snap shot by Mike Ribeiro.
1:51 of 2nd period - Stopped by Jaroslav Halak with a rebound.
2:05 of 2nd period - Daniel Alfredsson is hit by Lars Eller and loses puck.
2:11 of 2nd period - Penalty to Kevin Bieksa is over, Kevin Bieksa is back on ice.
2:12 of 2nd period - Wrist shot by Joffrey Lupul.
2:12 of 2nd period - Stopped by Jaroslav Halak with a rebound.
2:24 of 2nd period - Rostislav Klesla is hit by Kevin Bieksa and loses puck.
3:00 of 2nd period - Minor Penalty to Kevin Bieksa for Interference.
3:01 of 2nd period - Claude Giroux wins face-off versus James van Riemsdyk in Rangers zone.
3:14 of 2nd period - Kevin Shattenkirk is hit by Troy Brouwer.
3:23 of 2nd period - Slapshot by Braydon Coburn.
3:23 of 2nd period - Deflect By Claude Giroux.
3:23 of 2nd period - Stopped by Jaroslav Halak without a rebound.
3:24 of 2nd period - Lars Eller wins face-off versus James van Riemsdyk in Rangers zone.
3:53 of 2nd period - Slapshot by Joffrey Lupul.
3:53 of 2nd period - Deflect By Lars Eller.
3:53 of 2nd period - Shot Misses the Net.
3:53 of 2nd period - Puck is out of play.
3:54 of 2nd period - Claude Giroux wins face-off versus James van Riemsdyk in Rangers zone.
4:05 of 2nd period - Wrist shot by Mike Ribeiro.
4:05 of 2nd period - Shot Misses the Net.
4:07 of 2nd period - Wrist shot by Braydon Coburn.
4:07 of 2nd period - Deflect By Claude Giroux.
4:07 of 2nd period - Stopped by Jaroslav Halak with a rebound.
4:09 of 2nd period - Snap shot by Braydon Coburn.
4:09 of 2nd period - Deflect By Mike Ribeiro.
4:09 of 2nd period - Shot Misses the Net.
4:09 of 2nd period - Puck is out of play.
4:10 of 2nd period - James van Riemsdyk wins face-off versus Claude Giroux in Rangers zone.
5:00 of 2nd period - Penalty to Kevin Bieksa is over, Kevin Bieksa is back on ice.
6:40 of 2nd period - Slapshot by Tyler Kennedy.
6:40 of 2nd period - Deflect By Claude Giroux.
6:40 of 2nd period - Shot Misses the Net.
6:40 of 2nd period - Puck is out of play.
6:41 of 2nd period - Lars Eller wins face-off versus Jay McClement in Rangers zone.
6:58 of 2nd period - Snap shot by Lars Eller.
6:58 of 2nd period - Deflect By Trevor Lewis.
6:58 of 2nd period - Shot Misses the Net.
6:58 of 2nd period - Puck is out of play.
6:59 of 2nd period - Jay McClement wins face-off versus Lars Eller in Rangers zone.
7:23 of 2nd period - Slapshot by Ryan McDonagh.
7:23 of 2nd period - Stopped by Jaroslav Halak without a rebound.
7:24 of 2nd period - Claude Giroux wins face-off versus Jeff Skinner in Rangers zone.
7:27 of 2nd period - Wrist shot by Mike Ribeiro.
7:27 of 2nd period - Goal by Mike Ribeiro - Rangers : 0 - Avalanche : 1.
7:28 of 2nd period - James van Riemsdyk wins face-off versus Claude Giroux in neutral zone.
7:31 of 2nd period - Wrist shot by Logan Couture.
7:31 of 2nd period - Shot Misses the Net.
7:38 of 2nd period - Off-side.
7:39 of 2nd period - Claude Giroux wins face-off versus James van Riemsdyk in neutral zone.
8:08 of 2nd period - Braydon Coburn is hit by James van Riemsdyk.
8:09 of 2nd period - Icing by Braydon Coburn.
8:10 of 2nd period - Claude Giroux wins face-off versus Jay McClement in Avalanche zone.
8:30 of 2nd period - Minor Penalty to Luca Sbisa for Holding Stick.
8:31 of 2nd period - James van Riemsdyk wins face-off versus Lars Eller in Rangers zone.
9:19 of 2nd period - Daniel Sedin is hit by Mike Ribeiro and loses puck.
9:26 of 2nd period - Snap shot by Claude Giroux.
9:26 of 2nd period - Shot Misses the Net.
9:28 of 2nd period - Slapshot by Mike Ribeiro.
9:28 of 2nd period - Stopped by Jaroslav Halak without a rebound.
9:29 of 2nd period - Claude Giroux wins face-off versus Daniel Sedin in Rangers zone.
10:13 of 2nd period - Slapshot by Joffrey Lupul.
10:13 of 2nd period - Stopped by Jaroslav Halak without a rebound.
10:14 of 2nd period - Joffrey Lupul wins face-off versus James van Riemsdyk in Rangers zone.
10:30 of 2nd period - Penalty to Luca Sbisa is over, Luca Sbisa is back on ice.
10:41 of 2nd period - Slapshot by Claude Giroux.
10:41 of 2nd period - Stopped by Jaroslav Halak with a rebound.
10:43 of 2nd period - Snap shot by Claude Giroux.
10:43 of 2nd period - Deflect By Troy Brouwer.
10:43 of 2nd period - Shot Blocked by Kevin Shattenkirk.
10:43 of 2nd period - Puck is out of play.
10:44 of 2nd period - Troy Brouwer wins face-off versus Jeff Skinner in Rangers zone.
11:13 of 2nd period - Snap shot by Jeff Skinner.
11:13 of 2nd period - Stopped by Semyon Varlamov with a rebound.
11:15 of 2nd period - Wrist shot by Jamie McBain.
11:15 of 2nd period - Stopped by Semyon Varlamov with a rebound.
11:31 of 2nd period - Jay McClement is hit by Clayton Stoner and loses puck.
11:38 of 2nd period - Kevin Bieksa is hit by Benoit Pouliot and loses puck.
11:51 of 2nd period - Wrist shot by Daniel Sedin.
11:51 of 2nd period - Stopped by Semyon Varlamov with a rebound.
12:01 of 2nd period - Wrist shot by Daniel Sedin.
12:01 of 2nd period - Stopped by Semyon Varlamov with a rebound.
12:15 of 2nd period - Maxim Lapierre is hit by Benoit Pouliot and loses puck.
12:32 of 2nd period - Snap shot by Kevin Shattenkirk.
12:32 of 2nd period - Stopped by Semyon Varlamov without a rebound.
12:33 of 2nd period - James van Riemsdyk wins face-off versus Lars Eller in Avalanche zone.
13:07 of 2nd period - Slapshot by Lars Eller.
13:07 of 2nd period - Stopped by Jaroslav Halak without a rebound.
13:08 of 2nd period - Jeff Skinner wins face-off versus Claude Giroux in Rangers zone.
13:37 of 2nd period - Slapshot by Jamie McBain.
13:37 of 2nd period - Stopped by Semyon Varlamov with a rebound.
14:27 of 2nd period - Luca Sbisa is hit by Claude Giroux and loses puck.
14:38 of 2nd period - Wrist shot by Claude Giroux.
14:38 of 2nd period - Shot Misses the Net.
14:40 of 2nd period - Slapshot by Ryan McDonagh.
14:40 of 2nd period - Stopped by Jaroslav Halak with a rebound.
14:45 of 2nd period - Slapshot by Ryan McDonagh.
14:45 of 2nd period - Stopped by Jaroslav Halak without a rebound.
14:46 of 2nd period - Lars Eller wins face-off versus James van Riemsdyk in Rangers zone.
14:58 of 2nd period - Slapshot by Daniel Alfredsson.
14:58 of 2nd period - Deflect By Ryan McDonagh.
14:58 of 2nd period - Stopped by Semyon Varlamov with a rebound.
15:00 of 2nd period - Slapshot by Logan Couture.
15:00 of 2nd period - Stopped by Semyon Varlamov with a rebound.
15:02 of 2nd period - Slapshot by Kevin Bieksa.
15:02 of 2nd period - Shot Misses the Net.
15:04 of 2nd period - Slapshot by Kevin Bieksa.
15:04 of 2nd period - Shot Blocked by Ryan McDonagh.
15:06 of 2nd period - Snap shot by James van Riemsdyk.
15:06 of 2nd period - Shot Misses the Net.
15:08 of 2nd period - Slapshot by Kevin Bieksa.
15:08 of 2nd period - Shot Misses the Net.
15:10 of 2nd period - Slapshot by Kevin Bieksa.
15:10 of 2nd period - Shot Misses the Net.
15:16 of 2nd period - Wrist shot by Logan Couture.
15:16 of 2nd period - Stopped by Semyon Varlamov with a rebound.
15:24 of 2nd period - Snap shot by James van Riemsdyk.
15:24 of 2nd period - Shot Misses the Net.
15:30 of 2nd period - Minor Penalty to Taylor Fedun for Diving.
15:31 of 2nd period - Claude Giroux wins face-off versus Jay McClement in Avalanche zone.
15:31 of 2nd period - Claude Giroux is hit by Kevin Shattenkirk.
15:37 of 2nd period - Brad Stuart is hit by Kevin Bieksa.
17:03 of 2nd period - Wrist shot by Daniel Sedin.
17:03 of 2nd period - Shot Hit the Post.
17:30 of 2nd period - Penalty to Taylor Fedun is over, Taylor Fedun is back on ice.
17:47 of 2nd period - Slapshot by Joffrey Lupul.
17:47 of 2nd period - Shot Misses the Net.
17:49 of 2nd period - Snap shot by Lars Eller.
17:49 of 2nd period - Goal by Lars Eller - Rangers : 0 - Avalanche : 2.
17:50 of 2nd period - Jeff Skinner wins face-off versus Lars Eller in neutral zone.
17:53 of 2nd period - Wrist shot by Brad Richardson.
17:53 of 2nd period - Stopped by Semyon Varlamov without a rebound.
17:54 of 2nd period - Lars Eller wins face-off versus Jeff Skinner in Avalanche zone.
18:11 of 2nd period - Snap shot by Jeff Skinner.
18:11 of 2nd period - Stopped by Semyon Varlamov with a rebound.
18:13 of 2nd period - Slapshot by Brad Richardson.
18:13 of 2nd period - Stopped by Semyon Varlamov with a rebound.
18:15 of 2nd period - Slapshot by Justin Falk.
18:15 of 2nd period - Shot Blocked by Lars Eller.
18:17 of 2nd period - Snap shot by Justin Falk.
18:17 of 2nd period - Shot Misses the Net.
18:19 of 2nd period - Snap shot by Justin Falk.
18:19 of 2nd period - Shot Blocked by Lars Eller.
18:25 of 2nd period - Wrist shot by Matt Moulson.
18:25 of 2nd period - Stopped by Semyon Varlamov without a rebound.
18:26 of 2nd period - Daniel Briere wins face-off versus Jay McClement in Avalanche zone.
19:13 of 2nd period - Ryan McDonagh is hit by Kevin Bieksa and loses puck.
19:25 of 2nd period - Jay McClement is hit by Benn Ferriero and loses puck.
Goals for this period are 0 for Rangers vs 2 for Avalanche.
Shots for this period are 13 for Rangers vs 14 for Avalanche.

3rd period


0:01 of 3rd period - James van Riemsdyk wins face-off versus Claude Giroux in neutral zone.
0:08 of 3rd period - Ryan McDonagh is hit by James van Riemsdyk.
0:35 of 3rd period - Snap shot by Mike Ribeiro.
0:35 of 3rd period - Stopped by Jaroslav Halak without a rebound.
0:36 of 3rd period - Jay McClement wins face-off versus Lars Eller in Rangers zone.
1:48 of 3rd period - Justin Falk is hit by Clayton Stoner and loses puck.
2:43 of 3rd period - Snap shot by James van Riemsdyk.
2:43 of 3rd period - Shot Misses the Net.
2:45 of 3rd period - Slapshot by Francis Bouillon.
2:45 of 3rd period - Shot Misses the Net.
3:01 of 3rd period - Backhand shot by Claude Giroux.
3:01 of 3rd period - Stopped by Jaroslav Halak with a rebound.
3:03 of 3rd period - Snap shot by Troy Brouwer.
3:03 of 3rd period - Shot Blocked by Justin Falk.
3:05 of 3rd period - Snap shot by Troy Brouwer.
3:05 of 3rd period - Shot Misses the Net.
3:07 of 3rd period - Snap shot by Troy Brouwer.
3:07 of 3rd period - Deflect By Claude Giroux.
3:07 of 3rd period - Goal by Claude Giroux - Rangers : 0 - Avalanche : 3.
3:08 of 3rd period - Claude Giroux wins face-off versus Jay McClement in neutral zone.
3:23 of 3rd period - Snap shot by Todd Bertuzzi.
3:23 of 3rd period - Stopped by Semyon Varlamov with a rebound.
3:25 of 3rd period - Slapshot by Jay McClement.
3:25 of 3rd period - Stopped by Semyon Varlamov with a rebound.
3:27 of 3rd period - Slapshot by Daniel Sedin.
3:27 of 3rd period - Stopped by Semyon Varlamov without a rebound.
3:28 of 3rd period - Jay McClement wins face-off versus Claude Giroux in Avalanche zone.
4:29 of 3rd period - Wrist shot by James van Riemsdyk.
4:29 of 3rd period - Stopped by Semyon Varlamov with a rebound.
4:35 of 3rd period - Wrist shot by Daniel Alfredsson.
4:35 of 3rd period - Shot Misses the Net.
4:49 of 3rd period - Wrist shot by Jeff Skinner.
4:49 of 3rd period - Goal by Jeff Skinner - Rangers : 1 - Avalanche : 3.
4:50 of 3rd period - Jeff Skinner wins face-off versus Lars Eller in neutral zone.
4:53 of 3rd period - Slapshot by Kevin Shattenkirk.
4:53 of 3rd period - Shot Blocked by Rostislav Klesla.
4:55 of 3rd period - Slapshot by Kevin Shattenkirk.
4:55 of 3rd period - Stopped by Semyon Varlamov with a rebound.
4:57 of 3rd period - Slapshot by Matt Moulson.
4:57 of 3rd period - Stopped by Semyon Varlamov without a rebound.
4:58 of 3rd period - Lars Eller wins face-off versus Jeff Skinner in Avalanche zone.
5:59 of 3rd period - Snap shot by James van Riemsdyk.
5:59 of 3rd period - Stopped by Semyon Varlamov with a rebound.
6:54 of 3rd period - Braydon Coburn is hit by Luca Sbisa and loses puck.
7:09 of 3rd period - Francis Bouillon is hit by Lars Eller and loses puck.
7:36 of 3rd period - Snap shot by Francis Bouillon.
7:36 of 3rd period - Stopped by Semyon Varlamov with a rebound.
7:38 of 3rd period - Wrist shot by Tanner Glass.
7:38 of 3rd period - Shot Blocked by Brad Stuart.
7:40 of 3rd period - Slapshot by Francis Bouillon.
7:40 of 3rd period - Shot Misses the Net.
7:46 of 3rd period - Minor Penalty to Troy Brouwer for Holding.
7:47 of 3rd period - Claude Giroux wins face-off versus James van Riemsdyk in Avalanche zone.
9:30 of 3rd period - Wrist shot by James van Riemsdyk.
9:30 of 3rd period - Shot Blocked by Clayton Stoner.
9:32 of 3rd period - Slapshot by Daniel Alfredsson.
9:32 of 3rd period - Stopped by Semyon Varlamov without a rebound.
9:33 of 3rd period - Rene Bourque wins face-off versus James van Riemsdyk in Avalanche zone.
9:46 of 3rd period - Penalty to Troy Brouwer is over, Troy Brouwer is back on ice.
10:19 of 3rd period - Off-side.
10:20 of 3rd period - Claude Giroux wins face-off versus Jeff Halpern in neutral zone.
10:47 of 3rd period - Wrist shot by Jeff Halpern.
10:47 of 3rd period - Shot Blocked by Mike Ribeiro.
10:49 of 3rd period - Wrist shot by Tanner Glass.
10:49 of 3rd period - Shot Misses the Net.
10:51 of 3rd period - Slapshot by Maxim Lapierre.
10:51 of 3rd period - Shot Misses the Net.
10:53 of 3rd period - Slapshot by Francis Bouillon.
10:53 of 3rd period - Shot Blocked by Brad Stuart.
10:55 of 3rd period - Slapshot by Justin Falk.
10:55 of 3rd period - Stopped by Semyon Varlamov without a rebound.
10:56 of 3rd period - Lars Eller wins face-off versus Jay McClement in Avalanche zone.
11:00 of 3rd period - Minor Penalty to Kevin Bieksa for Boarding.
11:01 of 3rd period - James van Riemsdyk wins face-off versus Lars Eller in Rangers zone.
12:54 of 3rd period - Wrist shot by Daniel Sedin.
12:54 of 3rd period - Stopped by Semyon Varlamov without a rebound.
12:55 of 3rd period - Lars Eller wins face-off versus James van Riemsdyk in Avalanche zone.
13:00 of 3rd period - Penalty to Kevin Bieksa is over, Kevin Bieksa is back on ice.
13:08 of 3rd period - Snap shot by Joffrey Lupul.
13:08 of 3rd period - Stopped by Jaroslav Halak with a rebound.
13:10 of 3rd period - Snap shot by Lars Eller.
13:10 of 3rd period - Stopped by Jaroslav Halak with a rebound.
13:12 of 3rd period - Snap shot by Ryan McDonagh.
13:12 of 3rd period - Shot Blocked by James van Riemsdyk.
14:02 of 3rd period - Slapshot by Jeff Skinner.
14:02 of 3rd period - Shot Misses the Net.
14:22 of 3rd period - Slapshot by Todd Bertuzzi.
14:22 of 3rd period - Stopped by Semyon Varlamov without a rebound.
14:23 of 3rd period - Claude Giroux wins face-off versus Jay McClement in Avalanche zone.
14:32 of 3rd period - Wrist shot by Claude Giroux.
14:32 of 3rd period - Deflect By Mike Ribeiro.
14:32 of 3rd period - Shot Misses the Net.
14:32 of 3rd period - Puck is out of play.
14:33 of 3rd period - Jeff Halpern wins face-off versus Claude Giroux in Rangers zone.
15:05 of 3rd period - Off-side.
15:06 of 3rd period - Jay McClement wins face-off versus Lars Eller in neutral zone.
15:09 of 3rd period - Snap shot by Todd Bertuzzi.
15:09 of 3rd period - Deflect By Ryan McDonagh.
15:09 of 3rd period - Stopped by Semyon Varlamov with a rebound.
15:49 of 3rd period - Snap shot by Claude Giroux.
15:49 of 3rd period - Stopped by Jaroslav Halak with a rebound.
16:24 of 3rd period - Off-side.
16:25 of 3rd period - Daniel Alfredsson wins face-off versus Daniel Briere in neutral zone.
16:38 of 3rd period - Slapshot by Benoit Pouliot.
16:38 of 3rd period - Stopped by Jaroslav Halak with a rebound.
16:46 of 3rd period - Snap shot by Benoit Pouliot.
16:46 of 3rd period - Deflect By Daniel Briere.
16:46 of 3rd period - Shot Misses the Net.
16:46 of 3rd period - Puck is out of play.
16:47 of 3rd period - Jeff Halpern wins face-off versus Joffrey Lupul in Rangers zone.
17:02 of 3rd period - Slapshot by Kevin Shattenkirk.
17:02 of 3rd period - Shot Blocked by Trevor Lewis.
17:20 of 3rd period - Backhand shot by Kevin Shattenkirk.
17:20 of 3rd period - Shot Blocked by Lars Eller.
18:10 of 3rd period - Minor Penalty to Benoit Pouliot for High sticking.
18:11 of 3rd period - Claude Giroux wins face-off versus Jay McClement in Avalanche zone.
18:42 of 3rd period - Wrist shot by Daniel Sedin.
18:42 of 3rd period - Stopped by Semyon Varlamov without a rebound.
18:43 of 3rd period - Claude Giroux wins face-off versus James van Riemsdyk in Avalanche zone.
19:40 of 3rd period - Joffrey Lupul is hit by Luca Sbisa and loses puck.
Goals for this period are 1 for Rangers vs 1 for Avalanche.
Shots for this period are 15 for Rangers vs 7 for Avalanche.


Output by the SimonT Hockey Simulator (STHS) for Eric Dolegowski -- Original Page W3C XHTML 1.0 Valid
Hockey Simulator - Hockey Simulation - Hockey Manager